 Dungeon Crawl Stone Soup version 0.30.0-30-g96aa6591b8 (webtiles) character file.

Game seed: 442308529070220876

7914 Dadbod the Thaumaturge (level 11, -6/76 HPs)
             Began as a Djinni Fire Elementalist on July 1, 2023.
             Was a Follower of Makhleb.
             Mangled by an orc warlord
             ... wielding a +5 battleaxe
              (30 damage)
             ... in a bailey.
             The game lasted 00:26:45 (6187 turns).

Dadbod the Thaumaturge (Djinni Fire Elementalist)   Turns: 6187, Time: 00:26:45

Health: -6/76      AC:  8    Str:  7    XL:     11   Next: 46%
Gold:   460        EV: 15    Int: 21    God:    Makhleb [*.....] SH:  0 Dex: 19

rFire   + + .        (no weapon)
rCold   x . .        (no shield)
rNeg    . . .        q - +1 leather armour of Dojuew {Rampage +Blink rCorr Dex+5}
rPois   ∞            (helmet restricted)
rElec   .            u - +1 cloak
rCorr   +            (no gloves)
SInv    +            (boots unavailable)
Will    +....        (no amulet)
Stlth   +++          w - ring of see invisible
HPRegen 0.32/turn    (no ring)
MPRegen 0.00/turn

%: rampage, infuse magic (-7 HP)
@: liquefying, flying, slowed movement, very slow
A: sickness immunity, fire resistance 2, cold vulnerability 1, float, innate
caster, HP casting, extra vitality 1, antennae 1, iridescent scales 1
a: Renounce Religion, Evoke Blink


You were in a bailey.
You worshipped Makhleb.
Makhleb was aware of your devotion.
You visited 2 branches of the dungeon, and saw 8 of its levels.
You also visited: Bailey.

You collected 460 gold pieces.

Inventory:

Missiles
 m - 3 curare-tipped darts
Armour
 a - a +0 robe
 q - the +1 leather armour of Dojuew (worn) {Rampage +Blink rCorr Dex+5}
   (You found it on level 2 of the Dungeon)

   Dex:       It affects your dexterity (+5).
   +Blink:    It lets you blink.
   rCorr:     It protects you from acid and corrosion.
   Rampage:   It bestows one free step when moving towards enemies.
 u - a +1 cloak (worn)
 D - a +0 ring mail of cold resistance
 G - a +0 leather armour of fire resistance
Magical Staves
 c - a staff of cold
Jewellery
 w - a ring of see invisible (left hand)
 x - a ring of ice
Wands
 B - a wand of polymorph (7)
 E - a wand of flame (5)
 F - a wand of light (10)
Scrolls
 b - 8 scrolls of teleportation
 d - 3 scrolls of fog
 f - 4 scrolls of vulnerability
 h - 4 scrolls of poison
 j - a scroll of silence {unknown}
 l - 3 scrolls of blinking
 o - 3 scrolls of enchant armour
 t - a scroll of magic mapping
 y - 2 scrolls of fear {unknown}
 z - 3 scrolls of enchant weapon {unknown}
 A - a scroll of torment {unknown}
Potions
 e - a potion of lignification
 g - 2 potions of heal wounds
 i - 3 potions of haste
 k - a potion of resistance
 n - a potion of mutation
 p - a potion of ambrosia
 r - a potion of degeneration {unknown}
 s - 4 potions of brilliance {unknown}
 v - 9 potions of curing {unknown}
 C - a potion of flight {unknown}


   Skills:
 * Level 5.5 Fighting
 + Level 2.9 Throwing
 * Level 5.1 Armour
 * Level 6.6 Dodging
 * Level 5.2 Stealth
 * Level 9.7 Spellcasting
 + Level 3.3 Invocations
 + Level 3.2 Evocations


You knew the following spells:

 Your Spells              Type           Power      Damage    Failure   Level
a - Foxfire               Conj/Fire      100%       2x1d9     1%          1
b - Scorch                Fire           100%       2d9       1%          2
c - Volatile Blastmotes   Fire/Tloc      100%       2d18      1%          3
d - Inner Flame           Hex/Fire       50%        N/A       1%          3
e - Flame Wave            Conj/Fire      50%        2d12      1%          4
f - Sandblast             Erth           100%       2d20      1%          1
g - Momentum Strike       Conj/Tloc      100%       3d10      1%          2
h - Confusing Touch       Hex            50%        N/A       1%          3
i - Cause Fear            Hex            25%        N/A       1%          4
j - Leda's Liquefaction   Hex/Erth       25%        N/A       1%          4
Your spell library was empty.

Dungeon Overview and Level Annotations

Branches:
Dungeon (7/15)             Temple (1/1) D:7          Bailey (1/1)

Altars:
Ashenzari
Cheibriados
Dithmenos
Elyvilon
Gozag
Hepliaklqana
Makhleb
Nemelex Xobeh
Okawaru
Qazlal
Ru
Trog
Uskayaw
Wu Jian
Xom
Yredelemnul
Zin
The Shining One


Innate Abilities, Weirdness & Mutations

You are immune to sickness and miasma.
You are immune to poison.
Your flesh is very heat resistant. (rF++)
You are vulnerable to cold. (rC-)
You float through the air rather than walking.
You learn spells naturally, not from books.
Your magical power is your life essence.
You have superior vitality. (+4 MHP)
You have a pair of small antennae on your head.
You are partially covered in iridescent scales. (AC +2)


Message History

Unknown command.
A wave of flame ripples out!
The flame wave engulfs the orc warlord!
The orc warlord is burned terribly!
Flame seeps out of the orc warlord.
The orc warlord is moderately wounded.
You hear a shout!
The orc warlord hits you with a +5 battleaxe!!
Unknown command.
Unknown command.
A wave of flame ripples out!
The flame wave engulfs the orc warlord but does no damage.
The orc warlord is moderately wounded.
The flame wave engulfs the orc.
You kill the orc!
Makhleb accepts your kill.
You feel better.
The flame wave engulfs the goblin!
You kill the goblin!
Makhleb accepts your kill.
You finish channelling waves of flame.
You hear a shout!
The orc warlord is engulfed in blazing flames.
Flame seeps out of the orc warlord.
The orc warlord hits you with a +5 battleaxe!
Unknown command.
Unknown command.
Unknown command.
Unknown command.
Unknown command.
Casting: Flame Wave (dangerous; 1% risk of failure)
Confirm with . or Enter, or press ? or * to list all spells.
Casting: Cause Fear (dangerous; 1% risk of failure)
Press: ? - help, Dir - look around, f - activate The orc warlord resists with some effort.
The orc warlord is no longer more vulnerable to fire.
The orc warlord is engulfed in blazing flames.
Flame seeps out of the orc warlord.
The orc warlord becomes momentarily stuck in the liquid earth.
The orc warlord is engulfed in blazing flames.
Flame seeps out of the orc warlord.
The orc warlord hits you with a +5 battleaxe!!
You die...

. ### ##.........##
.. #
#..........8##..
#..........8#..
#∩....⌠.....).
#......)...8#
#........).8#
#......o..### #
#...@.###.### ###
###.#'#.....###
###..
###.........###....
#...........#.....
#........)..#...).
#.....⌠...).#.....
#......)...)')....
#...........#.....
##.........###....


You could see an orc warlord (fast, inner flame, struggling).

Vanquished Creatures
  Pikel (D:5)
  An orc knight (Bailey)
  Grinder (D:5)
  Sigmund (D:2)
  Edmund (D:5)
  2 water moccasins
  9 orc warriors (Bailey)
  2 centaurs
  An ice beast (D:6)
  An ogre (D:6)
  A phantom (D:4)
  4 lemures (D:5)
  A kobold brigand (D:3)
  3 killer bees (D:7)
  4 howler monkeys
  2 jellies (D:5)
  An orc priest (D:3)
  7 hounds
  2 sleepcaps (D:6)
  2 orc wizards
  7 gnolls
  10 adders
  An ufetubus (D:4)
  A worm (D:3)
  A dart slug (D:4)
  27 orcs
  A ball python (D:1)
  2 bats
  12 endoplasms
  3 giant cockroaches
  24 hobgoblins
  11 kobolds
  7 quokkas
  5 frilled lizards
  30 goblins
  8 rats
197 creatures vanquished.

Vanquished Creatures (collateral kills)
  A foxfire (D:3)
1 creature vanquished.

Vanquished Creatures (others)
  539 foxfires
539 creatures vanquished.

Grand Total: 737 creatures vanquished

Notes
Turn   | Place    | Note
-------+----------+-------------------------------------------
     0 | D:1      | Dadbod the Djinni Fire Elementalist began the quest for the
                  | Orb.
     0 | D:1      | Dadbod set off with the following spells memorised:
                  | Foxfire, Scorch, Volatile Blastmotes, Inner Flame, Flame
                  | Wave.
     0 | D:1      | Reached XP level 1. HP: 15/15 MP: 0/0
   126 | D:1      | Reached XP level 2. HP: 17/21 MP: 0/0
   412 | D:1      | Reached skill level 3 in Spellcasting
   692 | D:2      | Reached XP level 3. HP: 24/25 MP: 0/0
   692 | D:2      | Learned a level 1 spell: Sandblast
   814 | D:2      | Identified the +0 pair of boots "Tubro" {Int+3}
  1016 | D:2      | Reached XP level 4. HP: 29/31 MP: 0/0
  1054 | D:2      | Identified the +1 leather armour of Dojuew {Rampage +Blink
                  | rCorr Dex+5}
  1150 | D:2      | Noticed Sigmund
  1156 | D:2      | Killed Sigmund
  1157 | D:2      | Reached skill level 1 in Fighting
  1157 | D:2      | Reached skill level 1 in Armour
  1157 | D:2      | Reached skill level 4 in Spellcasting
  1157 | D:2      | Reached XP level 5. HP: 17/37 MP: 0/0
  1157 | D:2      | Learned a level 2 spell: Momentum Strike
  1157 | D:2      | Reached XP level 6. HP: 19/42 MP: 0/0
  1492 | D:2      | Found a faded altar of an unknown god.
  1714 | D:3      | Reached XP level 7. HP: 32/47 MP: 0/0
  1714 | D:3      | Learned a level 3 spell: Confusing Touch
  1920 | D:3      | Found an opulent altar of Gozag.
  1944 | D:3      | Reached skill level 5 in Spellcasting
  2076 | D:3      | Found a sparkling altar of Nemelex Xobeh.
  2357 | D:3      | Gained mutation: You sometimes lose your temper in combat.
                  | [potion of mutation]
  2357 | D:3      | Gained mutation: You have a pair of small horns on your
                  | head. [potion of mutation]
  2358 | D:3      | Lost mutation: You have a pair of small horns on your head.
                  | [potion of mutation]
  2358 | D:3      | Lost mutation: You sometimes lose your temper in combat.
                  | [potion of mutation]
  2358 | D:3      | Gained mutation: You are partially covered in iridescent
                  | scales. (AC +2) [potion of mutation]
  2358 | D:3      | Gained mutation: You have a pair of small antennae on your
                  | head. [potion of mutation]
  2593 | D:4      | Found a shimmering altar of Xom.
  2751 | D:4      | Noticed a water moccasin
  2756 | D:4      | Killed a water moccasin
  2757 | D:4      | Reached XP level 8. HP: 40/54 MP: 0/0
  3453 | D:5      | Entered Level 5 of the Dungeon
  3453 | D:5      | Noticed Edmund
  3460 | D:5      | Killed Edmund
  3461 | D:5      | Reached skill level 6 in Spellcasting
  3660 | D:5      | Noticed Pikel
  3668 | D:5      | Killed Pikel
  3669 | D:5      | Reached skill level 7 in Spellcasting
  3669 | D:5      | Reached XP level 9. HP: 20/60 MP: 0/0
  3669 | D:5      | Learned a level 4 spell: Cause Fear
  3957 | D:5      | Noticed Grinder
  3973 | D:5      | Killed Grinder
  4362 | D:6      | Found a hazy altar of Hepliaklqana.
  4671 | D:6      | Reached skill level 8 in Spellcasting
  5036 | D:6      | Found a snail-covered altar of Cheibriados.
  5304 | D:7      | Found a staircase to the Ecumenical Temple.
  5313 | Temple   | Entered the Ecumenical Temple
  5359 | Temple   | Became a worshipper of Makhleb the Destroyer
  5417 | D:7      | Found a flagged portal.
  5426 | Bailey   | Entered a bailey
  5498 | Bailey   | Reached XP level 10. HP: 50/67 MP: 0/0
  5576 | Bailey   | Reached * piety under Makhleb
  5580 | Bailey   | Reached skill level 5 in Dodging
  6031 | Bailey   | Noticed an orc knight
  6038 | Bailey   | Killed an orc knight
  6039 | Bailey   | Reached skill level 9 in Spellcasting
  6153 | Bailey   | Reached skill level 5 in Fighting
  6153 | Bailey   | Reached skill level 5 in Armour
  6153 | Bailey   | Reached skill level 5 in Stealth
  6153 | Bailey   | Reached XP level 11. HP: 72/76 MP: 0/0
  6153 | Bailey   | Learned a level 4 spell: Leda's Liquefaction
  6176 | Bailey   | Noticed an orc warlord
  6187 | Bailey   | Mangled by an orc warlord

Illustrated notes

Levels and vault maps discovered:
D:1:      sevenhm_arrival_forest_fort_large_2, layout_rooms, hex_large
D:2:      minmay_alternating_diamond, layout_loops_ring,
          shapermc_ecumenical_altar_flowoftime, guppyfry_early_orc_mine,
          uniq_sigmund
D:3:      cheibrodos_thug_alley, layout_rooms, nicolae_gozag_seed_capital,
          nemelex_xobeh_ov_fountains_minmay
D:4:      layout_gridville, lemuel_round_altar, minmay_goblin_outpost
D:5:      layout_basic, uniq_edmund, uniq_grinder, uniq_pikel
D:6:      layout_loops_ring, kennysheep_mini, old_standard_altar,
          mainiacjoe_overflow_big_doors, minmay_misc_feat_plants,
          dreamdust_princess_corridor
D:7:      layout_basic, mainiacjoe_overflow_brackets,
          minmay_temple_entry_antechambers, enter_bailey_4,
          reono_crystal_passage
Temple:   nicolae_temple_ecumenical_triangle
Bailey:   bailey_axe_minmay_hex_keep, bailey

Skill      XL: |  1  2  3  4  5  6  7  8  9 10 |
---------------+-------------------------------+-----
Spellcasting   | 3 4 5 7 8 9 |  9.7
Fighting       | 1 2 3 5 |  5.5
Armour         | 1 2 3 5 |  5.1
Dodging        | 3 4 6 |  6.6
Stealth        | 2 3 5 |  5.2
Throwing       | 2 |  2.9
Invocations    | 3 |  3.3
Evocations     | 3 |  3.2

Action                     |  1- 3 |  4- 6 |  7- 9 | 10-12 || total
---------------------------+-------+-------+-------+-------++-------
  Melee: Unarmed           |       |     1 |     1 |       ||     2
   Cast: Foxfire           |    50 |    19 |   201 |    48 ||   318
         Scorch            |     3 |    13 |    42 |    11 ||    69
         Volatile Blastmot |       |       |     1 |       ||     1
         Momentum Strike   |       |       |     1 |       ||     1
         Flame Wave        |       |       |    12 |     8 ||    20
         Inner Flame       |       |       |       |     6 ||     6
         Cause Fear        |       |       |       |     1 ||     1
         Leda's Liquefacti |       |       |       |     1 ||     1
    Use: Scroll            |     1 |       |    13 |       ||    14
         Potion            |       |       |     2 |     1 ||     3
   Stab: Sleeping          |       |       |     1 |       ||     1
 Armour: Leather armour    |       |     1 |     9 |     3 ||    13
  Dodge: Dodged            |     4 |     8 |    26 |     4 ||    42
